AoeStats
← El_antipasto

Arena

508046879Analyzed
4v4 RM · 13d ago on Sep 20, 2026· 37m 17s· 8 players
Game mode
Random Map
Map size
Large (8 player)
Population
200
Speed
Normal
Resources
Standard
Victory
Conquest
Starting age
Dark Age
Ending age
Imperial Age
RankedLock teamsTeams togetherTeam positionsShared explorationLock speedFull tech treeHidden civsTurbo modeCheats
Victory
Defeat
1196
+13
🇦🇷 Khmer · Argentina
1148
+15
🇦🇷 Romans · Argentina
1134
+16
1100
+16
🇲🇽 Wei · Mexico
1157
-16
🇩🇪 Burgundians · Germany
1129
-15
🇫🇷 Khmer · France
1126
-15
🇦🇷 Persians · Argentina
1108
-14
83T01SRA3L
Luis
9:52 Feudal Age
8:07 Loom
16:26 Castle Age
14:38 Double-Bit Axe
14:38 Horse Collar
26:35 Wheelbarrow
27:32 Ballistics
30:34 Imperial Age
28:31 Hand Cart
28:02 Town Watch
28:12 Gold Mining
28:41 Murder Holes
29:07 Bow Saw
28:59 Heavy Plow
29:06 Scale Barding Armor
30:00 Gold Shaft Mining
29:20 Fletching
30:17 Crop Rotation
30:54 Two-Man Saw
30:23 Chain Barding Armor
30:15 Stone Mining
30:38 Forging
30:25 Bodkin Arrow
30:54 Husbandry
31:47 Conscription
32:37 Chemistry
32:15 Plate Barding Armor
32:25 Elite Coustillier
34:19 Light Cavalry
35:51 Squires
35:37 Arson
35:13 Pikeman
35:54 Scale Mail Armor
36:31 Iron Casting
35:56 Bracer
36:57 Chain Mail Armor
El_antipasto
4:34 Loom
11:20 Feudal Age
15:54 Castle Age
14:59 Double-Bit Axe
14:57 Horse Collar
17:02 Bow Saw
26:01 Wheelbarrow
27:56 Hand Cart
27:27 Town Watch
31:37 Imperial Age
29:28 Fletching
29:39 Padded Archer Armor
29:30 Crossbowman
30:17 Thumb Ring
30:12 Bodkin Arrow
30:59 Kamandaran
31:29 Ballistics
31:20 Scale Barding Armor
31:26 Forging
31:34 Leather Archer Armor
31:52 Bloodlines
31:43 Husbandry
32:17 Conscription
31:46 Cavalier
32:21 Gold Mining
33:45 Chemistry
34:31 Chain Barding Armor
34:43 Ring Archer Armor
35:05 Iron Casting
37:04 Plate Barding Armor
35:51 Savar
37:49 Two-Man Saw
37:55 Blast Furnace
ravi0licru
8:11 Loom
10:40 Feudal Age
8:56 Loom
10:47 Feudal Age
14:28 Castle Age
12:23 Double-Bit Axe
13:49 Town Watch
13:59 Gold Mining
15:26 Crossbowman
17:22 Fletching
19:26 Bodkin Arrow
22:15 Padded Archer Armor
23:02 Wheelbarrow
37:45 Sanctity
Maxi24875
10:17 Feudal Age
13:18 Castle Age
11:47 Loom
12:30 Double-Bit Axe
20:08 Horse Collar
24:11 Bow Saw
24:12 Heavy Plow
25:43 Wheelbarrow
29:05 Imperial Age
27:25 Hand Cart
27:06 Gold Mining
27:06 Stone Mining
27:30 Scale Barding Armor
28:03 Scale Mail Armor
28:26 Chain Barding Armor
28:17 Forging
27:33 Light Cavalry
28:52 Bloodlines
28:43 Husbandry
30:27 Iron Casting
31:23 Crop Rotation
31:30 Gold Shaft Mining
31:31 Stone Shaft Mining
30:43 Light Cavalry
32:48 Plate Barding Armor
32:21 Tusk Swords
32:44 Elite Battle Elephant
34:43 Blast Furnace
35:10 Hussar
37:02 Fortified Wall
36:48 Murder Holes
37:29 Ballistics
[Yodas] Ivaylo AOE CL
10:28 Feudal Age
12:28 Double-Bit Axe
15:01 Castle Age
18:42 Horse Collar
21:41 Bow Saw
21:45 Stone Mining
21:55 Loom
23:40 Wheelbarrow
23:53 Stone Shaft Mining
24:31 Fletching
25:53 Bodkin Arrow
25:49 Town Watch
28:36 Arson
31:34 Scale Barding Armor
33:17 Chain Barding Armor
33:57 Bloodlines
35:19 Forging
34:56 Pikeman
36:15 Hand Cart
37:14 Iron Casting
rabbit o sea conejo
9:57 Loom
11:42 Feudal Age
16:26 Castle Age
14:13 Double-Bit Axe
14:10 Horse Collar
14:23 Gold Mining
16:11 Wheelbarrow
17:40 Bow Saw
17:55 Heavy Plow
25:27 Hand Cart
26:05 Stone Mining
26:50 Gold Shaft Mining
26:56 Gold Shaft Mining
27:50 Pikeman
28:30 Squires
28:32 Scale Mail Armor
28:42 Forging
31:30 Imperial Age
31:17 Chain Mail Armor
31:37 Iron Casting
31:08 Scale Barding Armor
31:19 Ballistas
31:43 Ballistics
31:19 Murder Holes
33:37 Chemistry
32:08 Heavy Scorpion
33:13 Conscription
32:47 Halberdier
34:31 Blast Furnace
33:51 Chain Barding Armor
35:21 Comitatenses
—»¬ ° • G ¡ ø 49k .
3:01 Loom
11:25 Feudal Age
17:32 Castle Age
16:40 Horse Collar
16:46 Double-Bit Axe
20:10 Gold Mining
23:38 Fletching
28:27 Town Watch
29:44 Bodkin Arrow
29:49 Padded Archer Armor
31:59 Wheelbarrow
31:25 Town Patrol
32:03 Crossbowman
32:47 Padded Archer Armor
33:11 Ballistics
32:35 Treadmill Crane
33:21 Stone Mining
33:39 Town Patrol
34:20 Hand Cart
35:05 Bow Saw
35:19 Pikeman
35:59 Squires
35:44 Arson
39:07 Imperial Age
38:04 Yeomen
Connection lost

Rejoining the realm…

Still unreachable

The connection could not be restored.

Session expired

The server has moved on; the page needs a fresh start.